 Dungeon Crawl Stone Soup version 0.31-a0-702-gf82c85558f (webtiles) character file.

Game seed: 11163003827053034793

4990 qw the Skirmisher (level 10, -2/64 HPs)
             Began as a Gargoyle Hunter on Sept 8, 2023.
             Was a Follower of Okawaru.
             Killed by divine providence
             ... invoked by Jeremiah
              (10 damage)
             ... on level 8 of the Dungeon.
             The game lasted 00:03:33 (7026 turns).

qw the Skirmisher (Gargoyle Hunter)                 Turns: 7026, Time: 00:03:33

Health: -2/64      AC: 19    Str: 14    XL:     10   Next: 54%
Magic:  13/13      EV: 17    Int: 11    God:    Okawaru [*.....]
Gold:   515        SH:  0    Dex: 17    Spells: 9/9 levels left

rFire   . . .        Y - +1 orcbow
rCold   . . .        (shield currently unavailable)
rNeg    + + .        l - +3 leather armour {Will+}
rPois   inf          e - +0 helmet
rElec   +            i - +1 cloak
rCorr   .            b - +0 pair of gloves
SInv    .            (no boots)
Will    ++...        (no amulet)
Stlth   +++          h - ring of willpower
HPRegen 0.30/turn    j - ring of positive energy
MPRegen 0.13/turn

%: no passive effects
@: heroic
A: sickness immunity, AC +7, negative energy resistance 1, electricity
resistance, torment resistance 1, petrification resistance
a: Renounce Religion, Heroism


You were on level 8 of the Dungeon.
You worshipped Okawaru.
Okawaru was aware of your devotion.
You visited 2 branches of the dungeon, and saw 9 of its levels.

You collected 515 gold pieces.


Innate Abilities, Weirdness & Mutations

You are immune to sickness and miasma.
Your stone body is resilient. (AC +7)
You are immune to poison.
You resist negative energy. (rN+)
You are resistant to electric shocks. (rElec)
You are resistant to unholy torment.
You are immune to petrification.


   Skills:
 - Level 8.1(13.1) Fighting
 - Level 12.1(17.1) Ranged Weapons
 + Level 2.1(7.1) Armour
 - Level 4.7(9.7) Dodging
 - Level 1.1(6.1) Stealth
 - Level 4.1 Invocations


You had 9 spell levels left.
You didn't know any spells.
Your spell library was empty.

Inventory:

Hand Weapons
 Y - a +1 orcbow (weapon)
Armour
 b - a +0 pair of gloves (worn)
 d - a +2 ring mail of fire resistance
 e - a +0 helmet (worn)
 i - a +1 cloak (worn)
 l - a +3 leather armour of willpower (worn)
Jewellery
 h - a ring of willpower (left hand)
 j - a ring of positive energy (right hand)
 o - a ring of ice
Scrolls
 a - 3 scrolls of identify
Potions
 c - a potion of cancellation
 g - a potion of might
 m - 2 potions of haste
 n - a potion of magic
 p - 2 potions of curing

Dungeon Overview and Level Annotations

Branches:
Dungeon (8/15)             Temple (1/1) D:5
   Lair: D:8-11

Altars:
Ashenzari
Cheibriados
Dithmenos
Fedhas
Hepliaklqana
Kikubaaqudgha
Makhleb
Nemelex Xobeh
Okawaru
Qazlal
Ru
Sif Muna
Uskayaw
Vehumet
Wu Jian
Xom
Yredelemnul
Zin
The Shining One

Annotations:
D:8 Jeremiah


Message History

Jeremiah hits you from afar with a +3 trident of draining.
The butterfly disappears in a burst of colours! x3
Jeremiah misses you.
The butterfly disappears in a burst of colours!
Jeremiah asks, "Am I dreaming?
Is this real?"
Jeremiah hops!
You shoot an arrow.
The arrow hits Jeremiah but does no damage.
Jeremiah is heavily wounded.
You feel like a meek peon again.
The butterfly disappears in a burst of colours! x2
7011 ||| INVOKING Heroism.
You gain the combat prowess of a mighty hero.
Jeremiah yawns.
The butterfly disappears in a burst of colours! x2
You shoot an arrow. The arrow barely misses Jeremiah.
The butterfly disappears in a burst of colours! x2
The butterfly disappears in a burst of colours! x2
The butterfly disappears in a burst of colours! x2
Enter note:
Enter note:
Enter note:
Enter note: Jeremiah hops!
You shoot an arrow. The arrow hits Jeremiah.
Jeremiah is severely wounded.
Jeremiah hits you but does no damage.
The butterfly disappears in a burst of colours! x2
Jeremiah lets out a twisted cry.
Something smites you!
The butterfly disappears in a burst of colours! x3
Jeremiah hops!
The butterfly disappears in a burst of colours!
Jeremiah barely misses you.
Jeremiah asks, "Where am I?
Why are you fighting me?"
Jeremiah hits you from afar with a +3 trident of draining.
Jeremiah throws their arms up pleadingly.
Something smites you!
You die...
Jeremiah says, "O terrible one, your will is done."

#####.................##
##...............##
##.............##
#.#..........##
#.########...b# #..####
###)'### ##.....####Fb)...#
## ##..##..b.##b#b)#.#..##
#..###.b.b.'@b.bb.'...#
##.####.b...b.....b'....##
##.####....b##.#..#.#....|.#
##..#
#.....###......#......##
#..####.....#
###''####....bF## ##..#
#......# #..# ##...bbb.##
#...# ##....##
##......bbb.b..# ....#
#....# ##### #.....$.. ....#
##...# #..b.....


You could see Jeremiah.

Vanquished Creatures
  Pikel (D:5)
  Joseph (D:7)
  Grinder (D:5)
  Prince Ribbit (D:5)
  5 yaks (D:8)
  Menkaure (D:5)
  Edmund (D:5)
  A water moccasin (D:7)
  3 ice beasts
  A sky beast (D:7)
  2 black bears
  2 ogres (D:5)
  A phantom (D:6)
  3 centaurs
  A kobold brigand (D:7)
  3 bullfrogs (D:7)
  3 scorpions (D:5)
  5 wights (D:8)
  An electric eel (D:6)
  3 howler monkeys (D:7)
  2 hounds
  5 jellies
  A gnoll bouda (D:3)
  An orc priest (D:7)
  2 sleepcaps (D:6)
  Jessica (D:2)
  5 iguanas
  Ijyb (D:3)
  2 orc wizards
  Robin (D:3)
  13 gnolls
  6 adders
  A shadow imp (D:6)
  2 white imps
  4 dart slugs
  16 orcs
  7 endoplasms
  3 giant cockroaches
  18 goblins
  6 hobgoblins
  3 jackals (D:3)
  9 kobolds
  3 quokkas
  4 bats
  2 frilled lizards (D:1)
  3 rats
161 creatures vanquished.

Notes
Turn   | Place    | Note
-------+----------+-------------------------------------------
     0 | D:1      | qw the Gargoyle Hunter began the quest for the Orb.
     0 | D:1      | Reached XP level 1. HP: 12/12 MP: 1/1
     0 | D:1      | 0 ||| qw: Version: 0.3-a-76-g4403597
     0 | D:1      | 0 ||| qw: Game counter: 945
     0 | D:1      | 0 ||| qw: Melee chars always use a shield: true
     0 | D:1      | 0 ||| qw: God list: Okawaru
     0 | D:1      | 0 ||| qw: Allow faded altars: false
     0 | D:1      | 0 ||| qw: Do Orc after clearing Dungeon:15 true
     0 | D:1      | 0 ||| qw: Do second Lair branch before Depths: true
     0 | D:1      | 0 ||| qw: Lair rune preference: random
     0 | D:1      | 0 ||| qw: Goals: Normal
     0 | D:1      | 0 ||| PLANNING D:1-11
   213 | D:1      | Reached XP level 2. HP: 17/17 MP: 2/2
   487 | D:1      | 487 ||| READING 3 scrolls labelled ILEHUM LY CEUC.
   488 | D:1      | 488 ||| READING scroll labelled HUVOHO PAURAHU.
   492 | D:1      | 492 ||| READING scroll labelled TUFRICAUNG.
   493 | D:1      | 493 ||| READING scroll labelled YCVUAGREKIX.
   494 | D:1      | 494 ||| READING 2 scrolls of identify.
   494 | D:1      | 494 ||| IDENTIFYING lumpy ruby potion
   495 | D:1      | 495 ||| DROPPING scroll of butterflies.
   496 | D:1      | 496 ||| DROPPING potion of degeneration.
   689 | D:2      | Noticed Jessica
   694 | D:2      | Killed Jessica
   695 | D:2      | Reached skill level 5 in Ranged Weapons
   695 | D:2      | Reached XP level 3. HP: 21/21 MP: 3/3
   793 | D:2      | Reached XP level 4. HP: 21/27 MP: 4/4
  1255 | D:2      | 1255 ||| UPGRADING to +0 cloak.
  1260 | D:2      | 1260 ||| UPGRADING to ring of willpower.
  1261 | D:2      | 1261 ||| READING 3 scrolls labelled LOG JONKIH.
  1362 | D:2      | 1362 ||| DROPPING 2 scrolls of silence.
  1398 | D:3      | Reached skill level 3 in Fighting
  1421 | D:3      | Noticed Robin
  1442 | D:3      | Killed Robin
  1578 | D:3      | Reached XP level 5. HP: 9/32 MP: 5/5
  1583 | D:3      | Reached skill level 6 in Ranged Weapons
  1583 | D:3      | HP: 8/32 [jackal (1)]
  1584 | D:3      | 1584 ||| READING scroll of teleportation.
  1704 | D:3      | Noticed Ijyb
  1717 | D:3      | Killed Ijyb
  1718 | D:3      | Reached skill level 1 in Armour
  1881 | D:3      | 1881 ||| RETREATING.
  1887 | D:3      | 1887 ||| Stepping ~*~*~tactically~*~*~ (retreating).
  1888 | D:3      | 1888 ||| Stepping ~*~*~tactically~*~*~ (retreating).
  1889 | D:3      | 1889 ||| Stepping ~*~*~tactically~*~*~ (retreating).
  1890 | D:3      | 1890 ||| Stepping ~*~*~tactically~*~*~ (retreating).
  1891 | D:3      | 1891 ||| Stepping ~*~*~tactically~*~*~ (retreating).
  1911 | D:3      | HP: 7/32 [gnoll/+0 whip[a gnoll bouda] (5)]
  1914 | D:3      | Reached XP level 6. HP: 9/38 MP: 6/6
  1918 | D:3      | HP: 7/38 [gnoll/+0 whip[a gnoll bouda] (1)]
  2153 | D:3      | Found a faded altar of an unknown god.
  2173 | D:3      | 2173 ||| READING scroll of enchant armour.
  2173 | D:3      | 2173 ||| ENCHANTING +0 cloak.
  2263 | D:3      | 2263 ||| UPGRADING to +0 helmet.
  2268 | D:3      | 2268 ||| UPGRADING to +0 ring mail.
  2278 | D:3      | 2278 ||| DROPPING +0 leather armour.
  2279 | D:3      | 2279 ||| UPGRADING to +3 leather armour of willpower.
  2289 | D:3      | 2289 ||| DROPPING +0 ring mail.
  2290 | D:3      | 2290 ||| UPGRADING to ring of positive energy.
  2291 | D:3      | 2291 ||| READING 5 scrolls of identify.
  2291 | D:3      | 2291 ||| IDENTIFYING purple potion
  2292 | D:3      | 2292 ||| READING 4 scrolls of identify.
  2292 | D:3      | 2292 ||| IDENTIFYING brown potion
  2293 | D:3      | 2293 ||| READING 3 scrolls of identify.
  2293 | D:3      | 2293 ||| IDENTIFYING fuming amethyst potion
  2294 | D:3      | 2294 ||| READING 2 scrolls of identify.
  2294 | D:3      | 2294 ||| IDENTIFYING dark potion
  2295 | D:3      | 2295 ||| DROPPING potion of magic.
  2296 | D:3      | 2296 ||| DROPPING potion of berserk rage.
  2297 | D:3      | 2297 ||| DROPPING potion of attraction.
  2316 | D:4      | 2316 ||| STAIRDANCE
  2563 | D:4      | Found a hide-covered altar of Uskayaw.
  3005 | D:4      | 3005 ||| READING scroll labelled KAQUHO GUPEME.
  3006 | D:4      | 3006 ||| READING scroll labelled GERUNG QIVI.
  3007 | D:4      | 3007 ||| READING scroll labelled NALANK CUMYN.
  3008 | D:4      | 3008 ||| DRINKING 2 silvery potions.
  3009 | D:4      | 3009 ||| DRINKING 2 clear potions.
  3056 | D:5      | Entered Level 5 of the Dungeon
  3073 | D:5      | Reached skill level 7 in Ranged Weapons
  3090 | D:5      | Noticed Pikel
  3115 | D:5      | Killed Pikel
  3116 | D:5      | Reached XP level 7. HP: 32/43 MP: 7/7
  3116 | D:5      | 3116 ||| FLEEEEING.
  3117 | D:5      | 3117 ||| FLEEEEING.
  3118 | D:5      | 3118 ||| FLEEEEING.
  3119 | D:5      | 3119 ||| FLEEEEING.
  3120 | D:5      | 3120 ||| FLEEEEING.
  3121 | D:5      | 3121 ||| FLEEEEING.
  3122 | D:5      | 3122 ||| FLEEEEING.
  3123 | D:5      | 3123 ||| FLEEEEING.
  3124 | D:5      | 3124 ||| STAIRDANCE
  3174 | D:5      | Noticed Grinder
  3175 | D:5      | 3175 ||| Stepping ~*~*~tactically~*~*~ (outnumbered).
  3181 | D:5      | Reached XP level 8. HP: 37/48 MP: 8/8
  3201 | D:5      | Killed Grinder
  3202 | D:5      | Reached skill level 8 in Ranged Weapons
  3247 | D:5      | 3247 ||| SWAPPING to +0 orcbow.
  3248 | D:5      | 3248 ||| DROPPING +1 shortbow.
  3251 | D:5      | Noticed Prince Ribbit
  3261 | D:5      | Killed Prince Ribbit
  3556 | D:5      | 3556 ||| RETREATING.
  3558 | D:5      | 3558 ||| RETREATING.
  3560 | D:5      | Reached skill level 9 in Ranged Weapons
  3563 | D:5      | Reached XP level 9. HP: 55/55 MP: 9/9
  3567 | D:5      | Reached skill level 6 in Fighting
  3626 | D:5      | Noticed Edmund
  3634 | D:5      | Killed Edmund
  3672 | D:5      | Found a staircase to the Ecumenical Temple.
  3673 | D:5      | 3673 ||| PLANNING TEMPLE
  3681 | Temple   | Entered the Ecumenical Temple
  3682 | Temple   | 3682 ||| PLANNING OKAWARU WORSHIP
  3690 | Temple   | Became a worshipper of Warmaster Okawaru
  3691 | Temple   | 3691 ||| PLANNING D:1-11
  3926 | D:5      | Noticed Menkaure
  3932 | D:5      | Killed Menkaure
  3940 | D:5      | Reached skill level 10 in Ranged Weapons
  4157 | D:5      | Identified the +8 hand axe "Yvvaq" {speed, Fly rF+ rN+}
  4220 | D:5      | 4220 ||| READING 4 scrolls of identify.
  4220 | D:5      | 4220 ||| IDENTIFYING amethyst potion
  4400 | D:6      | 4400 ||| READING scroll of enchant weapon.
  4400 | D:6      | 4400 ||| ENCHANTING +0 orcbow.
  4484 | D:6      | Reached * piety under Okawaru
  4637 | D:6      | Reached skill level 1 in Invocations
  4886 | D:6      | 4886 ||| INVOKING Heroism.
  4887 | D:6      | 4887 ||| INVOKING Heroism.
  4941 | D:6      | 4941 ||| INVOKING Heroism.
  5070 | D:6      | 5070 ||| READING scroll labelled JABLEP UNIGRUOW.
  5071 | D:6      | 5071 ||| READING 4 scrolls of identify.
  5071 | D:6      | 5071 ||| IDENTIFYING black potion
  5072 | D:6      | 5072 ||| READING 3 scrolls of identify.
  5072 | D:6      | 5072 ||| IDENTIFYING fuming red potion
  5073 | D:6      | 5073 ||| DROPPING potion of invisibility.
  5207 | D:7      | 5207 ||| Stepping ~*~*~tactically~*~*~ (outnumbered).
  5221 | D:7      | Reached skill level 11 in Ranged Weapons
  5259 | D:7      | Noticed Joseph
  5263 | D:7      | 5263 ||| FLEEEEING.
  5276 | D:7      | 5276 ||| INVOKING Heroism.
  5280 | D:7      | Killed Joseph
  5281 | D:7      | Reached XP level 10. HP: 39/64 MP: 8/11
  5293 | D:7      | 5293 ||| FLEEEEING.
  5294 | D:7      | 5294 ||| FLEEEEING.
  5300 | D:7      | 5300 ||| FLEEEEING.
  5301 | D:7      | 5301 ||| FLEEEEING.
  5302 | D:7      | 5302 ||| FLEEEEING.
  5307 | D:7      | 5307 ||| FLEEEEING.
  5308 | D:7      | 5308 ||| FLEEEEING.
  5309 | D:7      | 5309 ||| FLEEEEING.
  5313 | D:7      | 5313 ||| FLEEEEING.
  5314 | D:7      | 5314 ||| FLEEEEING.
  5315 | D:7      | 5315 ||| FLEEEEING.
  5316 | D:7      | 5316 ||| FLEEEEING.
  5318 | D:7      | 5318 ||| FLEEEEING.
  5319 | D:7      | 5319 ||| FLEEEEING.
  5320 | D:7      | 5320 ||| FLEEEEING.
  5321 | D:7      | 5321 ||| FLEEEEING.
  5322 | D:7      | 5322 ||| FLEEEEING.
  5323 | D:7      | 5323 ||| FLEEEEING.
  5325 | D:7      | 5325 ||| FLEEEEING.
  5334 | D:7      | 5334 ||| FLEEEEING.
  5335 | D:7      | 5335 ||| FLEEEEING.
  5694 | D:7      | Reached skill level 3 in Invocations
  5749 | D:7      | Found a flagged portal.
  5847 | D:7      | 5847 ||| READING 2 scrolls of identify.
  5847 | D:7      | 5847 ||| IDENTIFYING orange potion
  5848 | D:7      | 5848 ||| DROPPING potion of ambrosia.
  6061 | D:8      | 6061 ||| RETREATING.
  6080 | D:8      | 6080 ||| INVOKING Heroism.
  6084 | D:8      | 6084 ||| Stepping ~*~*~tactically~*~*~ (retreating).
  6095 | D:8      | HP: 11/64 [yak (11)]
  6096 | D:8      | 6096 ||| READING 2 scrolls of teleportation.
  6097 | D:8      | 6097 ||| DRINKING 2 potions of heal wounds.
  6098 | D:8      | 6098 ||| DRINKING potion of heal wounds.
  6101 | D:8      | 6101 ||| INVOKING Heroism.
  6214 | D:8      | 6214 ||| INVOKING Heroism.
  6466 | D:8      | Reached skill level 12 in Ranged Weapons
  6621 | D:8      | Noticed Jeremiah
  6636 | D:8      | 6636 ||| UPGRADING to +0 pair of gloves.
  6651 | D:8      | 6651 ||| READING scroll labelled SUD PIUSAUW.
  6658 | D:8      | 6658 ||| INVOKING Heroism.
  6663 | D:8      | 6663 ||| READING scroll labelled TAICYU YHUWELI.
  6669 | D:8      | HP: 10/64 [Jeremiah/divine providence (13)]
  6670 | D:8      | 6670 ||| READING scroll of teleportation.
  6978 | D:8      | 6978 ||| INVOKING Heroism.
  6986 | D:8      | HP: 15/64 [Jeremiah/divine providence (11)]
  7011 | D:8      | 7011 ||| INVOKING Heroism.
  7022 | D:8      | HP: 9/64 [Jeremiah/divine providence (12)]
  7026 | D:8      | Killed from afar by Jeremiah

Levels and vault maps discovered:
D:1:      mrwooster_arrival_statue_3, layout_rooms,
          chequers_serial_rivers_small_3
D:2:      layout_loops_corners, uniq_jessica
D:3:      layout_rooms, nicolae_ecumenical_oubliette, uniq_ijyb, uniq_robin
D:4:      wad_crossroads, layout_basic, kennysheep_mini_moat,
          grunt_ministairs_13
D:5:      nicolae_cairo_tiling_very_big, layout_loops_corners,
          minmay_temple_entry_grid, minmay_fractal_squares_diagonal_5,
          uniq_menkaure, uniq_grinder, uniq_pikel, uniq_edmund,
          uniq_prince_ribbit1
D:6:      layout_gridville, nrook_mini_vaults, hangedman_decor_points,
          kennysheep_opposing_triangles
D:7:      layout_rooms, enter_bailey_7, minmay_misc_feat_diagonals,
          uniq_crazy_yiuf_cottage, uniq_joseph
D:8:      layout_cave_pods, mainiacjoe_overflow_alcove_2,
          kennysheep_generic_room_15, uniq_jeremiah
Temple:   mainiacjoe_temple_coin_purse

Skill      XL: |  1  2  3  4  5  6  7  8  9 10 |
---------------+-------------------------------+-----
Ranged Weapons | 5 6 7 9 11 12 | 12.1
Fighting       | 3 4 5 8 |  8.1
Armour         | 1 2 |  2.1
Dodging        | 4 |  4.7
Invocations    | 1 4 |  4.1
Stealth        | |  1.1

Action                     |  1- 3 |  4- 6 |  7- 9 | 10-12 || total
---------------------------+-------+-------+-------+-------++-------
   Fire: Shortbow          |    82 |   265 |    23 |       ||   370
         Orcbow            |       |       |   233 |   198 ||   431
 Invoke: Heroism           |       |       |     3 |     6 ||     9
    Use: Scroll            |     5 |    10 |     5 |     5 ||    25
         Potion            |       |     2 |       |     2 ||     4
 Armour: Leather armour    |    38 |   131 |    82 |   114 ||   365
  Dodge: Dodged            |    25 |   103 |    78 |    80 ||   286

Table legend:
 A = Non-vault XP
 B = Vault XP
 C = Vault XP percentage of total XP
 D = Non-vault monster count
 E = Vault monster count
 F = Vault count percentage of total count
                 A         B        C        D         E       F
            +---------+---------+-------+---------+---------+-------
      Total |    4356 |    2773 |  38.9 |     121 |      40 |  24.8
            +---------+---------+-------+---------+---------+-------
        D:1 |      26 |       0 |   0.0 |      14 |       0 |   0.0
        D:2 |      24 |      37 |  60.7 |       7 |       1 |  12.5
        D:3 |     235 |      72 |  23.5 |      26 |      13 |  33.3
        D:4 |     101 |      21 |  17.2 |      10 |       5 |  33.3
        D:5 |     765 |    1936 |  71.7 |      18 |      12 |  40.0
        D:6 |     666 |     220 |  24.8 |      11 |       4 |  26.7
        D:7 |     864 |     487 |  36.0 |      17 |       5 |  22.7
        D:8 |    1675 |       0 |   0.0 |      18 |       0 |   0.0
            +---------+---------+-------+---------+---------+-------
